 Dungeon Crawl Stone Soup version 0.31-a0-692-gf03d1854d5 (webtiles) character file.

Game seed: 12046040190293066972

4 GordonOverkill the Sneak (level 1, 0/21 HPs)
             Began as a Naga Delver on Sept 7, 2023.
             Slain by Grinder (3 damage)
             ... on level 4 of the Dungeon.
             The game lasted 00:00:40 (177 turns).

GordonOverkill the Sneak (Naga Delver)               Turns: 177, Time: 00:00:41

Health: 0/21       AC:  1    Str: 14    XL:     1   Next: 60%
Magic:  1/1        EV:  9    Int: 10    God:
Gold:   15         SH:  0    Dex: 12    Spells: 0/0 levels left

rFire   . . .        a - +0 hand axe
rCold   . . .        (no shield)
rNeg    . . .        b - +0 leather armour
rPois   +            (no helmet)
rElec   .            (no cloak)
rCorr   .            (no gloves)
SInv    +            (no barding)
Will    .....        (no amulet)
Stlth   +++          (no ring)
HPRegen 0.23/turn    (no ring)
MPRegen 0.07/turn

%: no passive effects
@: hasted, quick
A: AC +0, large, see invisible, deformed body, poison resistance, slowness 2,
spit poison 1, naga tail 1
a: Spit Poison


You were on level 4 of the Dungeon.
You visited 1 branch of the dungeon, and saw 3 of its levels.

You collected 15 gold pieces.

Inventory:

Hand Weapons
 a - a +0 hand axe (weapon)
Armour
 b - a +0 leather armour (worn)
Wands
 g - a wand of digging (3)
Scrolls
 c - a scroll of fog
 d - a scroll of revelation


   Skills:
 + Level 3.0 Fighting
 + Level 2.1 Axes
 + Level 1.6 Dodging
 + Level 7.3 Stealth


You couldn't memorise any spells.
You didn't know any spells.
Your spell library was empty.

Dungeon Overview and Level Annotations

Branches:
Dungeon (6/15)
 Temple: D:4-7

Altars:

Annotations:
D:4 Grinder


Innate Abilities, Weirdness & Mutations

Your serpentine skin is tough. (AC +0)
You have supernaturally acute eyesight. (SInv)
Armour fits poorly on your strangely shaped body.
Your system is resistant to poisons. (rPois)
You cover ground very slowly.
You can spit poison.
You have a snake-like lower body.


Message History

The helpless quokka fails to defend itself.
You slash the quokka!
You kill the quokka!
No target in view!
No target in view!
You see here a quokka corpse.
Grinder comes into view.
Grinder shouts!
Grinder gestures at you.
You suddenly lose the ability to move!
You can move again.
Unknown command.
Unknown command.
Unknown command.
You feel yourself speed up. Grinder gestures at you.
Pain shoots through your body!
Ouch! That really hurt!
* * * LOW HITPOINT WARNING * * *
You hit Grinder but do no damage. You barely miss Grinder. Grinder hits you.
* * * LOW HITPOINT WARNING * * *
You writhe in agony.
* * * LOW HITPOINT WARNING * * *
As you read the scroll labelled FYIHAOS NOFOOPEC, it crumbles to dust.
The creatures around you are filled with an inner flame!
It was a scroll of immolation.
Grinder hits you.
* * * LOW HITPOINT WARNING * * *
You hit Grinder.
Flame seeps out of Grinder.
Grinder is lightly wounded.
Grinder is engulfed in blazing flames.
Flame seeps out of Grinder.
Grinder barely misses you.
You hit Grinder.
Flame seeps out of Grinder.
Grinder is severely wounded.
Grinder is engulfed in blazing flames.
Flame seeps out of Grinder.
Grinder hits you.
* * * LOW HITPOINT WARNING * * *
You writhe in agony.
You die...
Grinder says, "Now the real fun starts!"

..#.....######
.........>...#
..#.#......#.#
#...#..#.####
#####..#....#
#....####.#
#...#####.#
#########....†....#
#.....@5...########
#..#######.##
#.......# #.......+
#.......# #..5....#
#.......# #.......#
#.......#


You could see Grinder (inner flame).

Vanquished Creatures
  An endoplasm (D:4)
  2 quokkas
3 creatures vanquished.

Notes
Turn   | Place    | Note
-------+----------+-------------------------------------------
     0 | D:5      | GordonOverkill the Naga Delver began the quest for the Orb.
     0 | D:5      | Reached XP level 1. HP: 21/21 MP: 1/1
    12 | D:6      | Noticed a bullfrog
    15 | D:6      | Noticed a jelly
    17 | D:6      | Noticed a sky beast
    18 | D:6      | Noticed a scorpion
    18 | D:6      | Noticed a scorpion
   165 | D:4      | Noticed Grinder
   169 | D:4      | Paralysed by Grinder for 3 turns
   177 | D:4      | Slain by Grinder

Illustrated notes

Levels and vault maps discovered:
D:4:      layout_basic, nrook_campfire, minmay_vboxes, uniq_grinder
D:5:      layout_loops_corners, kennysheep_mini, serial_aquarium,
          aquarium_bridge_square [aquarium_subvault_window,
          aquarium_subvault_balcony, aquarium_subvault_bridge,
          aquarium_subvault_wall], aquarium_window_1, aquarium_window_3,
          aquarium_window_fake, aquarium_view_2f, aquarium_view_2f,
          aquarium_balcony_5a, aquarium_pool_1, moated_statue, uniq_sigmund,
          uniq_menkaure
D:6:      layout_rooms, serial_shops, shop, serial_bayou_ford_a

Action                     || total
---------------------------++-------
  Melee: Hand axe          ||    17
    Use: Scroll            ||     2
         Potion            ||     1
   Stab: Sleeping          ||     2
 Armour: Leather armour    ||    13
  Dodge: Dodged            ||     7

Table legend: (Time is in decaauts)
 A = Elapsed time spent in this place.
 B = Non-inter-level travel time spent in this place.
 C = Inter-level travel time spent in this place.
 D = Time resting spent in this place.
 E = Time spent auto-exploring this place.
 F = Levels seen in this place.
 G = Mean time per level.
                   A        B        C        D        E       F      G
               +--------+--------+--------+--------+--------+-----+--------+
         Total |    204 |    204 |      0 |     77 |      0 |   3 |   68.0 |
       Dungeon |    204 |    204 |      0 |     77 |      0 |   3 |   68.0 |
               +--------+--------+--------+--------+--------+-----+--------+

Top non-repeatable levels by time:
     D:5: 116 daAuts
     D:4: 44 daAuts
     D:6: 43 daAuts
